 Dungeon Crawl Stone Soup version 0.28.0-43-g3370ac3207 (webtiles) character file.

Game seed: 2846345605362605913

25986 egresovca the Arsonist (level 12, -5/91 HPs)
             Began as a Demonspawn Fire Elementalist on Mar 2, 2022.
             Was an Initiate of Gozag.
             Succumbed to a cane toad's poison
             ... on level 11 of the Dungeon.
             The game lasted 00:32:09 (22070 turns).

egresovca the Arsonist (DsFE)                      Turns: 22070, Time: 00:32:10

Health: -5/91      AC: 10    Str: 13    XL:     12   Next: 94%
Magic:  14/24      EV: 15    Int: 28    God:    Gozag
Gold:   1631       SH:  0    Dex: 15    Spells: 16/28 levels left

rFire   . . .      SeeInvis .   a - +7 whip "Uckis" {spect, Int+4}
rCold   . . .      Faith    .   P - orb {mayhem}
rNeg    . . .      Spirit   .   t - +2 robe {Archmagi}
rPois   .          Reflect  .   d - +0 helmet
rElec   .          Harm     .   (no cloak)
rCorr   +          Rampage  .   C - +0 pair of gloves
Will    +....      Archmagi +   (no boots)
Stlth   ++........              w - amulet of the acrobat
HPRegen 0.25/turn               L - ring of Vehus {Fly Will+ Str+4 Int+4}
MPRegen 0.19/turn               A - ring of resist corrosion

@: lethally poisoned (-5 -> -30), gold aura, flying
A: hooves 1, thin metallic scales 2, spiny 2
a: Renounce Religion, Potion Petition, Call Merchant, Bribe Branch


You were on level 11 of the Dungeon.
You worshipped Gozag.
Gozag was most pleased with you.
You visited 4 branches of the dungeon, and saw 15 of its levels.

You collected 3059 gold pieces.
You spent 712 gold pieces at shops.
You paid 716 gold pieces to Gozag.

Inventory:

Hand Weapons
 a - the +7 whip "Uckis" (weapon) {spect, Int+4}
   (You found it on level 4 of the Dungeon)

   When its wielder attacks, the weapon's spirit leaps out and strikes again.
   The spirit shares a part of any damage it takes with its wielder.
   Int:       It affects your intelligence (+4).
 u - the +3 flail "Ysiug" {antimagic, rN+}
   (You found it on level 4 of the Dungeon)

   It reduces the magical energy of the wielder, and disrupts the spells and
   magical abilities of those it strikes.
   Natural abilities and divine invocations are not affected.
   rN:        It protects you from negative energy.
 K - the +5 trident of a sewer {drain, rElec Dex+2}
   (You found it on level 9 of the Dungeon)

   A truly terrible weapon, it drains the life of any living foe it strikes.
   Dex:       It affects your dexterity (+2).
   rElec:     It insulates you from electricity.
 Q - a +2 short sword of draining
Missiles
 n - 6 throwing nets
Armour
 d - a +0 helmet (worn)
 t - a +2 robe of the Archmagi (worn)
 C - a +0 pair of gloves (worn)
 D - a +2 leather armour of fire resistance
 J - a +3 leather armour
 P - an orb of mayhem (worn)
Magical Staves
 b - a staff of fire
Jewellery
 m - a ring of magical power
 w - an amulet of the acrobat (around neck)
 A - a ring of resist corrosion (right hand)
 L - the ring of Vehus (left hand) {Fly Will+ Str+4 Int+4}
   (You bought it in a shop on level 2 of the Dungeon)

   [ring of willpower]

   Str:       It affects your strength (+4).
   Int:       It affects your intelligence (+4).
   Fly:       It grants you flight.
   Will:      It increases your willpower.
 M - an amulet of guardian spirit
Wands
 c - a wand of paralysis (8)
 o - a wand of polymorph (1)
 z - a wand of iceblast (4)
 F - a wand of flame (31)
Scrolls
 e - 2 scrolls of enchant weapon
 f - a scroll of silence
 l - 3 scrolls of teleportation
 p - 4 scrolls of enchant armour
 q - a scroll of fog
 r - 9 scrolls of identify
 x - 2 scrolls of brand weapon
 B - a scroll of magic mapping
 I - 3 scrolls of fear
Potions
 g - 4 potions of might
 h - 3 potions of ambrosia
 i - 2 potions of berserk rage
 j - 4 potions of haste
 v - 3 potions of attraction
 H - 2 potions of mutation
 N - a potion of invisibility
 O - a potion of flight


   Skills:
 + Level 7.1 Fighting
 - Level 8.0 Maces & Flails
 + Level 6.5 Armour
 + Level 6.8 Dodging
 - Level 2.0 Stealth
 - Level 8.7 Spellcasting
 - Level 8.3 Conjurations
 - Level 8.8 Fire Magic
 * Level 4.7 Air Magic


You had 16 spell levels left.
You knew the following spells:

 Your Spells              Type           Power      Damage    Failure   Level
a - Scorch                Fire           100%       2d10      1%          2
b - Foxfire               Conj/Fire      100%       2x1d9     1%          1
c - Flame Wave            Conj/Fire      74%        2d13      1%          4
f - Lightning Bolt        Conj/Air       32%        1d50      9%          5

Your spell library contained the following spells:

 Spells                   Type           Power      Damage    Failure   Level
 Static Discharge         Conj/Air       65%        N/A       1%          2
 Conjure Flame            Conj/Fire      74%        6-21      1%          3
 Corpse Rot               Necr/Air       76%        N/A       2%          2
 Poisonous Vapours        Pois/Air       76%        N/A       2%          2
 Inner Flame              Hex/Fire       53%        N/A       2%          3
 Animate Skeleton         Necr           36%        N/A       4%          1
 Apportation              Tloc           36%        N/A       4%          1
 Summon Small Mammal      Summ           72%        N/A       4%          1
 Gell's Gravitas          Tloc           18%        N/A       14%         3
 Lesser Beckoning         Tloc           18%        N/A       14%         3
 Teleport Other           Tloc           18%        N/A       14%         3
 Maxwell's Capacitive Co  Air            27%        ∞         100%        8


Dungeon Overview and Level Annotations

Branches:
Dungeon (12/15)            Temple (1/1) D:5            Lair (1/6) D:11
    Orc (1/2) D:10

Altars:
Ashenzari
Cheibriados
Dithmenos
Elyvilon
Fedhas
Gozag
Hepliaklqana
Kikubaaqudgha
Makhleb
Nemelex Xobeh
Okawaru
Qazlal
Ru
Sif Muna
Trog
Uskayaw
Vehumet
Wu Jian
Xom
Yredelemnul
Zin
The Shining One

Shops:
D:2 !=**   D:7 *   Orc:1 =

Annotations:
D:7 exclusion: downstairs
D:11 3 runed translucent doors, pkoi's ghost, journeyman DrCj


Innate Abilities, Weirdness & Mutations

You have large cloven feet.
You are mostly covered in thin metallic scales. (AC +3)
You are mostly covered in sharp spines.


Message History

Casting: Flame Wave (mildly dangerous; 1% risk of failure)
Confirm with . or Enter, or press ? or * to list all spells.
Casting: Flame Wave (mildly dangerous; 1% risk of failure)
Press: ? - help, Dir - look around, f - activate You feel a surge of power!
A wave of flame ripples out!
The flame wave engulfs the cane toad!
You kill the cane toad!
The flame wave engulfs the polar bear!
The polar bear is severely wounded. (Press . to intensify the flame waves.)
You feel very sick.
The polar bear bites you but does no damage.
The polar bear claws you. The polar bear closely misses you.
Unknown command.
A wave of flame ripples out!
The flame wave engulfs the polar bear!
You kill the polar bear!
The yak flies into a frenzy!
The flame wave engulfs the cane toad!
The cane toad is heavily wounded.
You feel very sick.
The yak bellows!
A yak comes into view.
The cane toad is struck by your spines. The cane toad stings you!!
* * * LOW HITPOINT WARNING * * *
You are lethally poisoned!
The cane toad poisons you!
The electric eel shoots out a bolt of lightning at you!
The bolt of electricity hits you!
* * * LOW HITPOINT WARNING * * *
Unknown command.
* * * LOW HITPOINT WARNING * * *
You feel extremely sick. The cane toad barely misses you.
The yak is distracted by your dazzling golden aura.
The electric eel shoots out a bolt of lightning at you!
The bolt of electricity misses you.
The yak gores the yak!
The yak is no longer distracted by gold.
You fly upwards.
Welcome back to the Dungeon!
Level annotation: 3 runed translucent doors, pkoi's ghost, journeyman DrCj You die...
Your body crumbles into a pile of gold.

##.........########...#.###...
#..........≈≈≈≈≈≈.............
#..≈...≈..≈≈≈≈≈≈≈.≈..≈..######
#..≈.≈..≈≈≈≈≈≈≈≈≈.......#
#....≈≈.≈≈≈≈≈≈≈≈≈≈≈≈≈..##
#...≈≈≈≈.≈≈≈≈≈≈≈≈≈≈....##
#..≈≈≈≈≈≈..≈≈≈≈.≈≈≈≈....#
#..≈≈≈≈≈≈....F.≈≈≈≈≈≈...###
#............@..≈≈≈≈.^....#
#..≈≈≈≈≈≈≈≈≈...≈≈≈.≈≈.....#
#.....≈≈≈≈...≈..≈≈≈.......#
##..≈≈≈≈≈≈≈≈≈≈.≈≈≈≈≈.......#
###....≈≈≈≈≈≈≈≈≈≈≈≈≈≈≈.......#
#.......≈≈≈..≈≈.≈≈≈..≈.......####
..##....≈.......≈.≈..≈≈......#...
####...........≈.............'.##
################..........###


You could see a cane toad.

Vanquished Creatures
  Nessos (D:12)
  A boulder beetle (D:12)
  Harold (D:8)
  3 two-headed ogres
  A cyclops (Orc:1)
  2 ugly things
  An orc sorcerer (Orc:1)
  5 manticores
  A cane toad (Lair:1)
  A kobold demonologist (D:11)
  7 trolls
  2 polar bears (Lair:1)
  3 blink frogs (Lair:1)
  2 slime creatures (D:12)
  Sigmund (D:4)
  A wyvern (D:7)
  4 wraiths
  27 yaks
  A water elemental (D:11)
  Eustachio (D:6)
  A basilisk (D:12)
  2 vampire mosquitoes (D:12)
  3 steam dragons
  4 acid dragons
  2 wargs (Orc:1)
  3 water moccasins
  Duvessa (D:6)
  9 orc warriors
  An ice beast (D:5)
  2 sky beasts
  A necrophage (D:5)
  18 centaurs
  A black bear (D:7)
  5 wolves (D:11)
  13 ogres
  A phantom (D:7)
  4 kobold brigands
  Blork the orc (D:4)
  4 bullfrogs
  4 scorpions
  3 gnoll sergeants (D:10)
  Dowan (D:6)
  12 killer bees
  2 vampire bats (D:12)
  4 electric eels (D:12)
  6 howler monkeys
  3 centaur zombies
  4 orc priests
  A bullfrog skeleton (D:6)
  4 jellies
  Crazy Yiuf (D:5)
  5 hounds
  3 iguanas
  10 orc wizards
  A hound skeleton (D:4)
  A howler monkey zombie (D:8)
  7 gnolls
  6 adders
  A howler monkey skeleton (D:5)
  2 worms
  2 dart slugs
  40 orcs
  12 bats
  9 endoplasms
  2 giant cockroaches
  3 goblins (D:1)
  7 hobgoblins
  12 jackals
  2 quokkas
  5 ball pythons
  4 frilled lizards
  20 kobolds
  6 rats
347 creatures vanquished.

Vanquished Creatures (collateral kills)
  A slime creature (D:12)
  A blink frog (Lair:1)
  A yak (Lair:1)
  A bullfrog (Lair:1)
4 creatures vanquished.

Vanquished Creatures (others)
  429 foxfires
  2 plants (Lair:1)
431 creatures vanquished.

Grand Total: 782 creatures vanquished

Notes
Turn   | Place    | Note
-------+----------+-------------------------------------------
     0 | D:1      | egresovca the Demonspawn Fire Elementalist began the quest
                  | for the Orb.
     0 | D:1      | Reached XP level 1. HP: 13/13 MP: 3/3
   410 | D:1      | Gained mutation: You are partially covered in sharp spines.
                  | [demonic ancestry]
   410 | D:1      | Reached XP level 2. HP: 19/19 MP: 0/5
   413 | D:1      | Learned a level 2 spell: Scorch
  1676 | D:2      | Reached XP level 3. HP: 24/24 MP: 3/6
  1905 | D:2      | Found Bentyn's General Store.
  1967 | D:2      | Found Zezxusith's General Store.
  2005 | D:2      | Found Hailuf's Jewellery Shoppe.
  2019 | D:2      | Found Fobuil's General Store.
  2169 | D:2      | Found Weiseos's Distillery.
  3002 | D:3      | Reached XP level 4. HP: 30/30 MP: 2/8
  3623 | D:3      | Gained mutation: You are partially covered in thin metallic
                  | scales. (AC +2) [demonic ancestry]
  3623 | D:3      | Reached XP level 5. HP: 15/35 MP: 2/9
  4902 | D:4      | Found a radiant altar of Vehumet.
  4910 | D:4      | Noticed Sigmund
  5229 | D:4      | Killed Sigmund
  5230 | D:4      | Reached XP level 6. HP: 39/41 MP: 0/12
  5330 | D:4      | Identified the +3 flail "Ysiug" {antimagic, rN+}
  5502 | D:4      | Found an ornate altar of the Wu Jian Council.
  5578 | D:4      | Gained mutation: You have large cloven feet. [demonic
                  | ancestry]
  5578 | D:4      | Reached XP level 7. HP: 46/46 MP: 8/14
  5626 | D:4      | Reached skill level 5 in Fire Magic
  5792 | D:4      | Noticed Blork the orc
  5797 | D:4      | Killed Blork the orc
  5798 | D:4      | Reached skill level 5 in Spellcasting
  6320 | D:4      | Identified the +7 whip "Uckis" {spect, Int+4}
  6348 | D:5      | Entered Level 5 of the Dungeon
  6810 | D:5      | Reached XP level 8. HP: 52/52 MP: 12/16
  7109 | D:5      | Found a staircase to the Ecumenical Temple.
  7516 | D:6      | Noticed a troll
  7517 | D:6      | Noticed Dowan
  7517 | D:6      | Noticed Duvessa
  7540 | D:6      | Killed a troll
  7541 | D:6      | Reached skill level 5 in Conjurations
  7556 | D:6      | Killed Duvessa
  7565 | D:6      | Killed Dowan
  7825 | D:6      | Found a hazy altar of Hepliaklqana.
  8177 | D:6      | Reached XP level 9. HP: 56/57 MP: 14/19
  8541 | D:6      | Noticed Eustachio
  9003 | D:5      | Found a runed translucent door.
  9004 | D:5      | Noticed Crazy Yiuf
  9336 | D:5      | Killed Crazy Yiuf
  9482 | D:6      | Found a snail-covered altar of Cheibriados.
  9493 | D:6      | Learned a level 4 spell: Flame Wave
  9672 | D:6      | Killed Eustachio
 10169 | Temple   | Entered the Ecumenical Temple
 10376 | Temple   | Became a worshipper of Gozag Ym Sagoz the Greedy
 10589 | D:7      | Reached skill level 1 in Maces & Flails
 11168 | D:7      | Reached skill level 1 in Fighting
 11176 | D:7      | Reached skill level 1 in Armour
 11825 | D:7      | Found Tidisomy's Sacrilege Store.
 12324 | D:8      | Noticed Harold
 12589 | D:8      | Reached XP level 10. HP: 68/68 MP: 13/21
 12875 | D:8      | Killed Harold
 13427 | D:9      | Reached skill level 5 in Maces & Flails
 13992 | D:9      | Identified the +5 trident of a sewer {drain, rElec Dex+2}
 14052 | D:9      | Noticed a two-headed ogre
 14059 | D:9      | Killed a two-headed ogre
 14305 | D:2      | Bought the ring of Vehus {Fly Will+ Str+4 Int+4} for 712
                  | gold pieces
 15135 | D:10     | Entered Level 10 of the Dungeon
 15230 | D:10     | Gained mutation: You are mostly covered in sharp spines.
                  | [demonic ancestry]
 15230 | D:10     | Reached XP level 11. HP: 56/78 MP: 17/22
 15821 | D:10     | Found a staircase to the Orcish Mines.
 16635 | D:10     | Reached skill level 5 in Dodging
 16636 | D:10     | Reached skill level 5 in Fighting
 17020 | Orc:1    | Entered Level 1 of the Orcish Mines
 17456 | Orc:1    | Found Qoide's Jewellery Emporium.
 17699 | Orc:1    | Noticed an orc sorcerer
 17708 | Orc:1    | Killed an orc sorcerer
 18153 | D:11     | Reached skill level 5 in Armour
 18327 | D:11     | Gained mutation: You are mostly covered in thin metallic
                  | scales. (AC +3) [demonic ancestry]
 18327 | D:11     | Reached XP level 12. HP: 56/86 MP: 19/24
 18473 | D:11     | Found a staircase to the Lair.
 18698 | D:11     | Found a runed translucent gate.
 18705 | D:11     | Found a runed translucent gate.
 18706 | D:11     | Found a runed translucent gate.
 18813 | D:11     | Noticed a minotaur
 18818 | D:11     | Noticed pkoi's ghost (journeyman DrCj)
 19097 | D:11     | Noticed a two-headed ogre
 19299 | D:11     | Killed a two-headed ogre
 19548 | D:11     | Learned a level 5 spell: Lightning Bolt
 19607 | Lair:1   | Entered Level 1 of the Lair of Beasts
 19620 | Lair:1   | Reached skill level 1 in Air Magic
 19901 | D:12     | Noticed Nessos
 20011 | D:12     | Killed Nessos
 21272 | D:12     | Noticed a two-headed ogre
 21283 | D:12     | Killed a two-headed ogre
 21290 | D:12     | Noticed a boulder beetle
 21305 | D:12     | HP: 3/89 [boulder beetle (47)]
 21306 | D:12     | Killed a boulder beetle
 22069 | Lair:1   | HP: 2/91 [poisoned by a cane toad]
 22070 | D:11     | Succumbed to a cane toad's poison

Illustrated notes

Levels and vault maps discovered:
D:1:      dpeg_arrival_long_road, layout_basic
D:2:      layout_rooms, serial_shops, shop_statue, nicolae_shop_stone, shop,
          nicolae_shop_trees, shop, nrook_uturn, wad_orctagon
D:3:      layout_basic, grunt_ministairs_4, kennysheep_cluttered_room,
          kennysheep_generic_room_11
D:4:      layout_loops_ring, grunt_temple_overflow_open, uniq_sigmund,
          uniq_blork_the_orc
D:5:      layout_basic, minmay_temple_entry_from_below_a,
          uniq_crazy_yiuf_cottage
D:6:      layout_layer_cave, hangedman_feature_mirror, minmay_misc_feat_columns,
          uniq_duvessa, uniq_eustachio
D:7:      layout_layer_cave, nicolae_evil_shop
D:8:      layout_rooms, hangedman_abyss_or_decor_passed,
          nicolae_elevator_lobby_asterisk, uniq_harold
D:9:      layout_stronghold, chequers_decorated_corner
D:10:     layout_cave_pods, kennysheep_orc_monster_closet_entryway, minivault_5,
          st_stairs_12
D:11:     layout_roguey, erik_lair_island, maelrawn_ghost_gauntlet_escape
D:12:     layout_basic, gauntlet_entry_generic, st_stairs_10, roderic_batcave,
          uniq_nessos
Temple:   mainiacjoe_temple_cubbyholes
Lair:1:   layout_roguey, gammafunk_ghost_berserking_beasts, minivault_11,
          serial_bayou_lake_a
Orc:1:    layout_diamond_mine, serial_shops, nicolae_shop_hallway_plus

Skill      XL: |  1  2  3  4  5  6  7  8  9 10 11 12 |
---------------+-------------------------------------+-----
Stealth        | 2 |  2.0
Fire Magic     | 3 4 5 7 8 |  8.8
Conjurations   | 2 3 4 5 6 7 8 |  8.3
Spellcasting   | 3 4 5 7 8 |  8.7
Dodging        | 3 4 5 6 |  6.8
Maces & Flails | 3 5 7 8 |  8.0
Fighting       | 2 4 5 7 |  7.1
Armour         | 2 3 5 6 |  6.5
Air Magic      | 4 |  4.7

Action                   |  1- 3 |  4- 6 |  7- 9 | 10-12 || total
-------------------------+-------+-------+-------+-------++-------
Melee: Short sword       |     5 |    11 |       |       ||    16
       Punch             |       |     1 |       |       ||     1
       Whip              |       |       |    14 |    97 ||   111
       Kick              |       |       |     3 |    41 ||    44
       Unarmed           |       |       |     1 |       ||     1
 Cast: Foxfire           |   112 |    57 |    47 |    66 ||   282
       Scorch            |       |    32 |   103 |    90 ||   225
       Flame Wave        |       |       |    16 |    60 ||    76
Invok: Potion Petition   |       |       |       |     2 ||     2
Evoke: Wand              |       |       |       |    14 ||    14
  Use: Potion            |       |       |     5 |     3 ||     8
       Scroll            |       |       |       |    19 ||    19
 Stab: Distracted        |     1 |       |       |     3 ||     4
       Sleeping          |       |       |     1 |       ||     1
Armor: Leather armour    |    13 |     3 |       |    14 ||    30
       Robe              |       |       |    13 |    53 ||    66
       Skin              |       |       |     1 |       ||     1
Dodge: Dodged            |    21 |    23 |    56 |   218 ||   318
